 Dungeon Sprint DCSS version 0.25-b1-37-g2669288c55 (webtiles) character file.

Game seed: 4857434358288408501

423 Chiseanne the Fighter (level 6, 0/57 HPs)
             Began as a Demonspawn Berserker on June 4, 2020.
             Was a Believer of Trog.
             Slain by Sonja
             ... wielding a +2 dagger of draining
              (1 damage)
             ... in the Dungeon (Sprint I: "Red Sonja").
             The game lasted 00:01:47 (610 turns).

Chiseanne the Fighter (Demonspawn Berserker)         Turns: 610, Time: 00:01:47

Health: 0/57       AC:  5    Str: 17    XL:     6   Next: 63%
Magic:  6/6        EV: 11    Int:  9    God:    Trog [**....]
Gold:   288        SH:  0    Dex: 14    Spells: 5/5 levels left

rFire    . . .     SeeInvis .   a - +2 scythe (protect)
rCold    . . .     Gourm    .   (shield currently unavailable)
rNeg     . . .     Faith    .   k - +1 leather armour {rPois}
rPois    +         Spirit   .   (no helmet)
rElec    .         Reflect  .   (no cloak)
rCorr    .         Harm     .   l - +0 pair of gloves
MR       .....     NoTele   +   (no boots)
Stlth    ++........             (no amulet)
HPRegen  0.19/turn              (no ring)
MPRegen  0.10/turn              (no ring)

@: berserk cooldown, slowed, extremely drained, very slow
A: claws 1, nightstalker 1, rot immunity
a: Berserk, Trog's Hand, Renounce Religion


You were in the Dungeon.
You worshipped Trog.
Trog was pleased with you.
You were hungry.

You visited 1 branch You collected 351 gold pieces.
You spent 63 gold pieces at shops.

Inventory:

Hand Weapons
 a - a +2 scythe of protection (weapon)
 b - the +2 hand axe of Fedhas's Favour {protect, rF+ Str+4 Int+3, unknown}
   (You found it in the Dungeon)

   It grants its wielder temporary protection when it strikes (+7 to AC).
   It affects your strength (+4).
   It affects your intelligence (+3).
   It protects you from fire.
Armour
 k - a +1 leather armour of poison resistance (worn)
 l - a +0 pair of gloves (worn)
Scrolls
 i - a scroll of blinking
Potions
 d - 2 potions of curing
 e - a potion of heal wounds
 f - a potion of haste
 g - 2 potions of magic
 h - a potion of berserk rage
Comestibles
 c - a ration


   Skills:
 * Level 8.9(0.0) Fighting
 * Level 8.1(0.0) Axes
 - Level 1.7(0.0) Armour
 * Level 7.8(0.0) Dodging


You had 5 spell levels left.
You didn't know any spells.
Your spell library was empty.

Dungeon Overview and Level Annotations

Branches:
Dungeon (1/1)

Altars:
Cheibriados
Dithmenos
Elyvilon
Fedhas
Gozag
Hepliaklqana
Kikubaaqudgha
Nemelex Xobeh
Okawaru
Qazlal
Ru
Sif Muna
Trog
Uskayaw
Vehumet
Wu Jian
Yredelemnul
Zin
The Shining One

Shops:
D [

Annotations:
D Sonja


Innate Abilities, Weirdness & Mutations

You have sharp fingernails.
You are slightly more attuned to the shadows.
You are immune to rotting.


Message History

You feel drained. Sonja hits you but does no damage.
You feel drained.
You closely miss Sonja.
Sonja is moderately wounded.
Sonja barely misses you. Sonja hits you but does no damage.
You feel drained.
Sonja hits you with a +2 dagger of draining.
* * * LOW HITPOINT WARNING * * *
You feel drained.
* * * LOW HITPOINT WARNING * * *
Sonja misses you. x2
Sonja hits you with a +2 dagger of draining.
* * * LOW HITPOINT WARNING * * *
You feel drained. Sonja hits you but does no damage.
You feel drained. Sonja barely misses you.
Sonja hits you with a +2 dagger of draining.
* * * LOW HITPOINT WARNING * * *
You feel drained.
Sonja hits you with a +2 dagger of draining.
* * * LOW HITPOINT WARNING * * *
You feel drained.
You die...

#..'[.#..'[.#..+
#..#####'#####'#
#..####..#...#[#
#..#__####..##.#
#..#_____##'#_.+
#⌠⌠#_.∩...'((._#
####_..__##_.#'#
#_____###K#.#
#########@###
+..$+ #..$#
##.## #+#


You could see Sonja.

Vanquished Creatures
  A yak (D)
  Sigmund (D)
  An ogre (D)
  A jelly (D)
  Ijyb (D)
5 creatures vanquished.

Notes
Turn   | Place    | Note
-------+----------+-------------------------------------------
     0 | D        | Chiseanne the Demonspawn Berserker began the quest for the
                  | Orb.
     0 | D        | Reached XP level 1. HP: 18/18 MP: 1/1
     1 | D        | Noticed Ijyb
     6 | D        | Killed Ijyb
     6 | D        | Gained mutation: You are immune to rotting. [demonic
                  | ancestry]
     6 | D        | Reached XP level 2. HP: 26/26 MP: 2/2
    51 | D        | Noticed an ogre
    57 | D        | Killed an ogre
    57 | D        | Reached skill level 5 in Axes
    57 | D        | Reached skill level 5 in Dodging
    57 | D        | Gained mutation: You have sharp fingernails. [demonic
                  | ancestry]
    57 | D        | Reached XP level 3. HP: 34/34 MP: 3/3
    57 | D        | Reached XP level 4. HP: 40/40 MP: 4/4
   108 | D        | Noticed Sigmund
   115 | D        | Killed Sigmund
   115 | D        | Reached ** piety under Trog
   115 | D        | Reached XP level 5. HP: 49/49 MP: 5/5
   198 | D        | Found a shimmering blue altar of Sif Muna.
   199 | D        | Found an ornate altar of the Wu Jian Council.
   200 | D        | Found a radiant altar of Vehumet.
   202 | D        | Got a pitted hand axe
   207 | D        | Gained mutation: You are slightly more attuned to the
                  | shadows. [demonic ancestry]
   207 | D        | Reached XP level 6. HP: 36/56 MP: 6/6
   319 | D        | Found Pegeokue's Armour Emporium.
   319 | D        | Found a hazy altar of Hepliaklqana.
   319 | D        | Found a stormy altar of Qazlal.
   319 | D        | Found a hide-covered altar of Uskayaw.
   319 | D        | Found a blossoming altar of Fedhas.
   319 | D        | Found a bloodstained altar of Trog.
   319 | D        | Found an iron altar of Okawaru.
   319 | D        | Found a snail-covered altar of Cheibriados.
   319 | D        | Found a sacrificial altar of Ru.
   319 | D        | Found a glowing silver altar of Zin.
   319 | D        | Noticed a yak
   328 | D        | Killed a yak
   329 | D        | Found an ancient bone altar of Kikubaaqudgha.
   329 | D        | Found a basalt altar of Yredelemnul.
   329 | D        | Found a glowing golden altar of the Shining One.
   329 | D        | Found an opulent altar of Gozag.
   329 | D        | Found a shadowy altar of Dithmenos.
   329 | D        | Found a white marble altar of Elyvilon.
   333 | D        | Found a sparkling altar of Nemelex Xobeh.
   363 | D        | Bought a +0 pair of gloves for 63 gold pieces
   576 | D        | Noticed Sonja
   610 | D        | HP: 1/57 [Sonja/+2 dagger of draining (6)]
   610 | D        | Slain by Sonja

Illustrated notes

Levels and vault maps discovered:
D:        dungeon_sprint_1 [red_sonja_temple_1, red_sonja_temple_small_1]

Skill      XL: |  1  2  3  4  5  6 |
---------------+-------------------+-----
Fighting       | 4 6 7 8 |  8.9
Axes           | 4 5 7 8 |  8.1
Dodging        | 3 5 6 7 |  7.8
Armour         | |  1.7

Action                   |  1- 3 |  4- 6 || total
-------------------------+-------+-------++-------
Melee: Hand axe          |     8 |     5 ||    13
       Scythe            |       |    26 ||    26
Throw: Dart              |       |     2 ||     2
Invok: Berserk           |     2 |     3 ||     5
  Use: Scroll            |       |     1 ||     1
  Eat: Chunk             |       |     3 ||     3
Armor: Leather armour    |       |    26 ||    26
Dodge: Dodged            |     2 |    34 ||    36
